 Dungeon Crawl Stone Soup version 0.18-a0-1203-gbde16db (webtiles) character file.

134 Psiweapon the Skirmisher (level 5, -8/32 HPs)
             Began as a Gargoyle Gladiator on Jan 31, 2016.
             Was an Initiate of Pakellas.
             Killed by divine providence
             ... invoked by an orc priest
              (13 damage)
             ... on level 3 of the Dungeon.
             The game lasted 00:07:39 (1901 turns).

Psiweapon the Skirmisher (Gargoyle Gladiator)       Turns: 1901, Time: 00:07:42

Health: -8/32      AC:  8    Str: 19    XL:     5   Next: 17%
Magic:  5/5        EV: 12    Int:  9    God:    Pakellas [......]
Gold:   236        SH:  0    Dex: 10    Spells: 0 memorised, 4 levels left

rFire  . . .     SeeInvis .     a - +0 quarterstaff
rCold  + . .     Gourm    .     b - +0 leather armour
rNeg   + . .     Faith    .     (shield currently unavailable)
rPois  ∞         Spirit   .     c - +0 helmet
rElec  +         Dismiss  .     (no cloak)
rCorr  .         Reflect  .     (no gloves)
SustAt +         Harm     .     (no boots)
MR     .....                    (no amulet)
Stlth  ++........               D - ring of protection from cold
                                t - ring of sustain attributes

@: not resistant to hostile enchantments, unstealthy
A: negative energy resistance 1, electricity resistance, unbreathing,
petrification resistance, rot immunity, AC +4
a: Renounce Religion


You were on level 3 of the Dungeon.
You worshipped Pakellas.
Pakellas was noncommittal.
You were not hungry.

You visited 1 branch of the dungeon, and saw 3 of its levels.

You collected 236 gold pieces.

Inventory:

Hand Weapons
 a - a +0 quarterstaff (weapon)
 s - a +0 hand axe
Missiles
 d - 3 throwing nets
 e - 17 sling bullets
 o - 82 stones (quivered)
Armour
 b - a +0 leather armour (worn)
 c - a +0 helmet (worn)
 j - a +0 ring mail
 q - a +0 chain mail
 z - a +0 shield
Jewellery
 t - a ring of sustain attributes (left hand)
 x - an uncursed ring of loudness
 D - a ring of protection from cold (right hand)
Scrolls
 g - a scroll of immolation {unknown}
 h - 2 scrolls of remove curse
 m - 2 scrolls of identify
 r - a scroll of noise {unknown}
 u - 2 scrolls of random uselessness {unknown}
 v - 2 scrolls of fog {unknown}
 y - 3 scrolls of teleportation
 C - a scroll of blinking {unknown}
Potions
 l - 4 potions of brilliance {unknown}
 n - a potion of flight {unknown}
 w - a potion of curing {unknown}
 A - 2 potions of mutation {unknown}
 B - a potion of might {unknown}
Comestibles
 f - 5 bread rations
 i - 5 chunks of flesh
 k - a slice of pizza
 p - a meat ration


   Skills:
 - Level 3.5 Fighting
 + Level 3.0 Staves
 - Level 1.7 Throwing
 - Level 3.4 Armour
 - Level 2.4 Dodging
 - Level 2.4 Stealth


You had 4 spell levels left.
You didn't know any spells.

Dungeon Overview and Level Annotations

Branches:
Dungeon (3/15)

Altars:
Fedhas
Gozag
Pakellas
Qazlal
Ru
Vehumet


Innate Abilities, Weirdness & Mutations

You are resistant to torment.
Your stone body is resilient (AC +4).
You are immune to poison.
You resist negative energy.
You are resistant to electric shocks.
You can survive without breathing.
You are immune to petrification.
You are immune to rotting.


Message History

Something smites you!
* * * LOW HITPOINT WARNING * * *
You closely miss something.
Something hits you but does no damage. x2
You miss something.
You feel less confused. Something hits you.
* * * LOW HITPOINT WARNING * * *
You barely miss something. The orc misses you.
Something hits you but does no damage.
Read which item? (? for menu, Esc to quit)
As you read the scroll labeled SIRRUERYTA, it crumbles to dust.
It is a scroll of identify.
Identify which item? (\ to view known items) (? for menu, Esc to quit)
y - 3 scrolls of teleportation The orc hits you with a hand axe.
* * * LOW HITPOINT WARNING * * *
Something hits you but does no damage.
The orc priest invokes the aid of Beogh against you.
Something smites you!
You die...

#.####.##.# #......##.#
#.###### #.# #.# #...#
#.# ##...#. #.#
############.o... #.#
#.o..........o.. #.#
#@#########.o.. #.# #{#
#... #.# #o# #o.#
#.####o###### #..# #
#.....o.....####o.#.#.#
#.####.####............
#.........)...o........
######.#########.......
#.# #..#....


You could see an orc priest, an orc wizard and 2 orcs.

Vanquished Creatures
  2 orc wizards (D:3)
  An adder (D:2)
  A gnoll (D:1)
  4 giant geckos
  2 orcs (D:3)
  A ball python (D:1)
  A giant cockroach (D:2)
  8 goblins
  8 hobgoblins
  7 kobolds
  7 bats
  3 giant newts
  8 rats
53 creatures vanquished.

Notes
Turn   | Place    | Note
--------------------------------------------------------------
     0 | D:1      | Psiweapon the Gargoyle Gladiator began the quest for the Orb.
     0 | D:1      | Reached XP level 1. HP: 12/12 MP: 1/1
    79 | D:1      | Reached skill level 1 in Stealth
    80 | D:1      | Reached XP level 2. HP: 18/18 MP: 2/2
   449 | D:1      | Reached XP level 3. HP: 20/23 MP: 3/3
  1056 | D:2      | Found an opulent altar of Gozag.
  1071 | D:2      | Found an oddly glowing altar of Pakellas.
  1072 | D:2      | Found a radiant altar of Vehumet.
  1072 | D:2      | Found a blossoming altar of Fedhas.
  1072 | D:2      | Found a sacrificial altar of Ru.
  1073 | D:2      | Found a stormy altar of Qazlal.
  1075 | D:2      | Became a worshipper of Pakellas the Inventive
  1124 | D:2      | Reached skill level 1 in Armour
  1124 | D:2      | Reached XP level 4. HP: 28/28 MP: 4/4
  1215 | D:2      | Found a faded altar to an unknown god.
  1723 | D:3      | Reached XP level 5. HP: 20/32 MP: 5/5
  1901 | D:3      | Killed from afar by an orc priest

Vault maps used:
D:1:      wheals_arrival_shading
D:2:      grunt_temple_overflow_open, ecumenical_altar_2

Action                   |  1- 3 |  4- 6 || total
-------------------------+-------+-------++-------
Melee: Quarterstaff      |   110 |    87 ||   197
Throw: Stone             |       |     3 ||     3
  Use: Scroll            |     1 |     1 ||     2
 Stab: Sleeping          |     2 |       ||     2
  Eat: Chunk             |     1 |     2 ||     3
